 Dungeon Crawl Stone Soup version 0.24-a0-312-g16217b4 (webtiles) character file.

Game seed: 13119303413469507751

1 mhoghedin the Magician (level 1, 0/14 HPs)
             Began as a Barachi Wizard on May 16, 2019.
             Slain by an adder (2 damage)
             ... on level 2 of the Dungeon.
             The game lasted 00:00:40 (197 turns).

mhoghedin the Magician (Barachi Wizard)              Turns: 197, Time: 00:00:40

Health: 0/14       AC:  2    Str:  8    XL:     1   Next: 20%
Magic:  0/4        EV: 11    Int: 18    God:
Gold:   0          SH:  3    Dex: 10    Spells: 5/6 levels left

rFire    . . .     SeeInvis .   (no weapon)
rCold    . . .     Gourm    .   c - +0 buckler
rNeg     . . .     Faith    .   a - +0 robe
rPois    .         Spirit   .   b - +0 hat
rElec    .         Reflect  .   (no cloak)
rCorr    .         Harm     .   (no gloves)
MR       .....                  (no boots)
Stlth    ++........             (no amulet)
HPRegen  0.04/turn              (no ring)
MPRegen  0.09/turn              (no ring)

@: lethally poisoned (0 -> -6), very slightly contaminated, slow
A: +LOS, swims, slowness 1, strong legs 1
a: Hop


You were on level 2 of the Dungeon.
You were not hungry.

You visited 1 branch of the dungeon, and saw 2 of its levels.

Inventory:

Armour
 a - a +0 robe (worn)
 b - a +0 hat (worn)
 c - a +0 buckler (worn)
   (You found it on level 2 of the Dungeon)
Comestibles
 d - 2 rations


   Skills:
 + Level 0.5 Fighting
 - Level 2.1 Dodging
 - Level 1.7 Stealth
 - Level 3.2 Spellcasting
 - Level 1.1 Conjurations
   Level 1.2 Summonings
   Level 1.1 Translocations


You had 5 spell levels left.
You knew the following spells:

 Your Spells              Type           Power        Failure   Level  Hunger
a - Magic Dart            Conj           #...         17%         1    None

Your spell library contained the following spells:

 Spells                   Type           Power        Failure   Level  Hunger
 Call Imp                 Summ           #.......     24%         2    ##.....
 Blink                    Tloc           N/A          26%         2    ##.....
 Slow                     Hex            #.......     38%         2    ##.....
 Conjure Flame            Conj/Fire      #.......     54%         3    ###....
 Mephitic Cloud           Conj/Pois/Air  #.......     56%         3    ###....


Dungeon Overview and Level Annotations

Branches:
Dungeon (1/15)

Altars:


Innate Abilities, Weirdness & Mutations

Shadows flee at your approach. (+LOS)
You can swim through water.
You cover ground slowly.
You can hop short distances.


Message History

Welcome, mhoghedin the Barachi Wizard.
The bosom of this dungeon contains the fabled artefact, the Orb of Zot.
Found a staircase leading out of the dungeon.
You open the door. You open the door. You open the door. You open the door.
There is an open door here.
You open the door.
There is an open door here.
You open the door.
Found an escape hatch in the floor.
Okay, then.
Found a stone staircase leading down.
There is an open door here.
You open the door.
You see here 25 stones.
You fall through a shaft!
The shaft crumbles and collapses.
d - 2 rations (gained 1)
A goblin comes into view.
You see here a buckler.
c - a buckler The goblin shouts!
Aim: a goblin The magic dart hits the goblin.
The goblin hits you.
You take 2 damage, and have 11/13 hp.
You now have 3/4 mp.
Aim: a goblin (severely wounded)
The magic dart hits the goblin.
You kill the goblin!
You now have 2/4 mp.
You start putting on your armour.
You continue putting on your buckler. x4
You finish putting on your +0 buckler.
You start resting.
Health restored: 14; MP restored: 4 An adder comes into view.
The adder hisses angrily.
An adder is nearby!
Aim: an adder You miscast Magic Dart.
You are very lightly contaminated with residual magic.
You smell something strange.
You now have 3/4 mp.
Aim: an adder The magic dart hits the adder.
You now have 2/4 mp.
Aim: an adder (lightly wounded)
The magic dart hits the adder.
You now have 1/4 mp.
Aim: an adder (moderately wounded)
The magic dart hits the adder.
You now have 0/4 mp.
The adder bites you.
You take 3 damage, and have 11/14 hp.
MASSIVE DAMAGE!!
You block the adder's attack. The adder bites you.
You take 2 damage, and have 9/14 hp.
The adder bites you but does no damage.
Aim: an adder (moderately wounded)
You miscast Magic Dart.
Nothing appears to happen.
You block the adder's attack.
You now have 0/4 mp.
The adder bites you.
You are poisoned.
The adder poisons you!
You take 2 damage, and have 7/14 hp.
You feel sick.
You take 1 damage, and have 6/14 hp.
The adder barely misses you. The adder bites you.
You are lethally poisoned!
The adder poisons you!
You take 1 damage, and have 5/14 hp.
You hit the adder.
* * * LOW HITPOINT WARNING * * *
You feel sick. The adder bites you.
* * * LOW HITPOINT WARNING * * *
You take 2 damage, and have 3/14 hp.
You hit the adder but do no damage.
* * * LOW HITPOINT WARNING * * *
You feel sick. The adder bites you.
You die...

#.# #..# #.# #..#
############.# #..#
#............# #..#
#.############ #.[#
#.# #..# #.# #..#
#.###############..#
#........@S........#
##################.##
............#
#############


You could see an adder.

Vanquished Creatures
  A goblin (D:2)
1 creature vanquished.

Notes
Turn   | Place    | Note
-------+----------+-------------------------------------------
     0 | D:1      | mhoghedin the Barachi Wizard began the quest for the Orb.
     0 | D:1      | Reached XP level 1. HP: 13/13 MP: 4/4
    57 | D:1      | You fall through a shaft!
   196 | D:2      | HP: 3/14 [adder (1)]
   197 | D:2      | Slain by an adder

Levels and vault maps discovered:
D:1:      minmay_arrival_doors, layout_basic, serial_forest,
          infiniplex_forest_3_way, infiniplex_forest_straight_4,
          infiniplex_forest_clump_C, infiniplex_forest_lined_corner,
          infiniplex_forest_straight_4, kennysheep_minor_cross,
          minmay_pentomino_u2
D:2:      layout_basic, minmay_tree_intersection, uniq_natasha

Action                   || total
-------------------------++-------
Melee: Unarmed           ||     2
 Cast: Magic Dart        ||     5
Armor: Robe              ||     1
Dodge: Dodged            ||     1
Block: Buckler           ||     2

Table legend:
 A = Non-vault XP
 B = Vault XP
 C = Vault XP percentage of total XP
 D = Non-vault monster count
 E = Vault monster count
 F = Vault count percentage of total count
                 A         B        C        D         E       F
            +---------+---------+-------+---------+---------+-------
      Total |       2 |       0 |   0.0 |       1 |       0 |   0.0
            +---------+---------+-------+---------+---------+-------
        D:2 |       2 |       0 |   0.0 |       1 |       0 |   0.0
            +---------+---------+-------+---------+---------+-------

Levels and vault maps discovered:
D:1:      minmay_arrival_doors, layout_basic, serial_forest,
          infiniplex_forest_3_way, infiniplex_forest_straight_4,
          infiniplex_forest_clump_C, infiniplex_forest_lined_corner,
          infiniplex_forest_straight_4, kennysheep_minor_cross,
          minmay_pentomino_u2
D:2:      layout_basic, minmay_tree_intersection, uniq_natasha

Table legend:
 A = Turns spent in this place as a percentage of turns spent in the entire game.
 B = Non-inter-level travel turns spent in this place as a percentage of non-inter-level travel turns spent in the entire game.
 C = Inter-level travel turns spent in this place as a percentage of turns spent in this place.
 D = Turns resting spent in this place as a percentage of non-inter-level travel turns spent in this place.
 E = Turns spent auto-exploring this place as a percentage of non-inter-level travel turns spent in this place.
 F = Non-inter-level travel turns spent in this place divided by the number of levels of this place that you've seen.
                   A       B       C       D       E      F
               +-------+-------+-------+-------+-------+----------------------
         Total | 100.0 | 100.0 |   0.0 |  16.2 |  60.9 |  98.5
       Dungeon | 100.0 | 100.0 |   0.0 |  16.2 |  60.9 |  98.5
               +-------+-------+-------+-------+-------+----------------------

Table legend:
 A = Kills in this place as a percentage of kills in entire the game.
 B = Kills by you in this place as a percentage of kills by you in the entire game.
 C = Kills by friends in this place as a percentage of kills by friends in the entire game.
 D = Other kills in this place as a percentage of other kills in the entire game.
 E = Experience gained in this place as a percentage of experience gained in the entire game.
 F = Experience gained in this place divided by the number of levels of this place that you have seen.
                   A       B       C       D       E      F
               +-------+-------+-------+-------+-------+----------------------
         Total | 100.0 | 100.0 |   N/A |   N/A | 100.0 |   1.0
       Dungeon | 100.0 | 100.0 |   N/A |   N/A | 100.0 |   1.0
               +-------+-------+-------+-------+-------+----------------------
